Description

spam dont take

Build Order

Get SALT Encoding   

  12  0:00  SCV  
  14  0:16  Supply Depot  
  15  0:39  Barracks  
  16  0:42  Refinery  
  19  1:26  Reaper, Orbital Command  
  20  1:40  Command Center  
  20  1:49  Supply Depot  
  20  1:52  SCV  
  21  1:58  Marine  
  23  2:09  Factory  
  23  2:19  Barracks Reactor  
  25  2:41  Command Center  
  26  2:54  Orbital Command  
  27  3:02  Starport  
  28  3:08  Refinery  
  28  3:14  Hellion x2  
  34  3:32  Barracks Tech Lab  
  36  3:36  Hellion x2  
  42  3:54  Orbital Command  
  43  3:55  Banshee  
  43  3:58  Cloaking Field  
  47  4:04  Supply Depot  
  47  4:08  Hellion x2  
  50  4:14  Barracks Tech Lab  
  56  4:26  Supply Depot  
  56  4:30  Hellion x2  
  58  4:34  Marine  
  58  4:37  Stimpack  
  58  4:38  Banshee  
  66  4:48  Refinery  
  68  4:57  Barracks x2, Supply Depot  
  68  4:59  Marine  
  70  5:00  Factory Reactor  
  70  5:05  Refinery  
  75  5:14  Engineering Bay x2  
  75  5:17  Marine  
  79  5:35  Starport Reactor, Marine  
  82  5:42  Terran Infantry Weapons Level 1  
  82  5:43  Barracks x2  
  82  5:45  Terran Infantry Armor Level 1  
  84  5:52  Marine x5  
  84  5:56  Siege Tank  
  98  6:15  Medivac x2  
  98  6:17  Combat Shield  
  105  6:32  Barracks Reactor  
  109  6:37  Barracks Reactor  
  109  6:38  Refinery x2  
  112  6:45  Medivac x2  
  118  6:56  Factory  
  118  6:58  Armory  
  113  7:35  Siege Tank  
  118  7:41  Factory Tech Lab  
  123  7:52  Medivac x2  
  130  8:02  Siege Tank x2  
  146  8:23  Medivac x2  
  152  8:34  Siege Tank  
  157  8:53  Medivac x2, Siege Tank  
  157  8:54  Command Center  
  157  9:06  Siege Tank  
  135  9:25  Siege Tank  
Spawning Tool Build Advisor. Get it on Overwolf

Go to:

Details

  • Created by: Aceyykm
  • Published on: Feb 23, 2023
  • Modified on: Feb 23, 2023
  • Patch: 5.0.11
  • Difficulty: Hard
Show
View Real Time Build Order
Export as new Build Order

Comments (0)

There are no comments. Be the first!

Create an account to comment!